 Dungeon Crawl Stone Soup version 0.15-a0-1485-g692b94f (console) character file.

366 Jaguar the Scratcher (level 6, 0/28 HPs)
             Began as a Felid Fighter on June 14, 2014.
             Was an Initiate of Cheibriados.
             Succumbed to poison (a potion of poison)
             ... on Level 7 of the Dungeon.
             The game lasted 00:08:46 (1880 turns).

Jaguar the Scratcher (Felid Fighter)                Turns: 1880, Time: 00:08:47

HP   0/28        AC  2     Str 15      XL: 6   Next: 40%
MP  11/14        EV 25     Int 10      God: Cheibriados [......]
Gold 79          SH  0     Dex 22      Spells:  0 memorised,  5 levels left
Lives: 0, deaths: 1

rFire  . . .     SeeInvis +       - Unarmed
rCold  . . .     Clarity  .     (armour unavailable)
rNeg   . . .     rCorr    .     (shield unavailable)
rPois  .         rRot     .     (helmet unavailable)
rElec  .         Spirit   .     (cloak unavailable)
SustAb .         Warding  .     (gloves unavailable)
rMut   .         Stasis   .     (boots unavailable)
Gourm  .                        (no amulet)
MR     .....                    (no ring)
                                (no ring)

@: agile, lethally poisoned, slow, not resistant to hostile enchantments, fairly
stealthy
A: paw claws, no armour, no weapons or thrown items, fangs 3, see invisible,
carnivore 3, speed 1, shaggy fur 2, slow metabolism 1, jump 2
a: Jump Attack, Bend Time, Renounce Religion


You were on level 7 of the Dungeon.
You worshipped Cheibriados.
Cheibriados was noncommittal.
You were completely stuffed.

You visited 2 branches of the dungeon, and saw 8 of its levels.

You collected 149 gold pieces.
You spent 70 gold pieces at shops.

Inventory:

Hand weapons
 o - the cursed -3,+5 falchion of Fragile Peace {venom, +Inv, unknown}
   (You found it on level 4 of the Dungeon)

   It poisons the flesh of those it strikes.
   It lets you turn invisible.
   It has a curse placed upon it.
Magical devices
 e - a wand of enslavement (9)
 p - a wand of enslavement (16)
 u - a wand of frost (6)
 x - a wand of cold (3)
Comestibles
 a - a royal jelly
 d - 2 meat rations
 l - a beef jerky
 z - 2 chunks of worker ant flesh
Scrolls
 c - 2 scrolls of random uselessness {unknown}
 g - 3 scrolls of remove curse {unknown}
 h - 2 scrolls of teleportation
 i - a scroll of magic mapping {unknown}
 j - a scroll of blinking {unknown}
 m - a scroll of noise {unknown}
 q - a scroll of fog
 r - a scroll of enchant weapon II {unknown}
 v - a scroll of fear {unknown}
 w - a scroll of enchant armour {unknown}
Jewellery
 b - an uncursed amulet of resist mutation
 t - an uncursed ring of ice
Potions
 f - a potion of agility
 k - a potion of haste {unknown}
 n - 2 potions of poison
 s - a potion of berserk rage {unknown}


   Skills:
 - Level 3.0 Fighting
 - Level 4.0 Dodging
 + Level 6.9 Unarmed Combat
 + Level 3.7 Invocations


You had 5 spell levels left.
You didn't know any spells.

Dungeon Overview and Level Annotations

Branches:
Dungeon (7/15)             Temple (1/1) D:6

Altars:
Cheibriados
Dithmenos
Makhleb
Okawaru
Trog
Vehumet
Xom
Zin
The Shining One

Shops:
D:4 ?

Annotations:
D:3 Ijyb
D:5 Minotaur's ghost, average MiMo


Innate Abilities, Weirdness & Mutations

You cannot wear armour.
You are incapable of wielding weapons or throwing items.
Your paws have sharp claws.
You have razor-sharp teeth.
You have supernaturally acute eyesight.
You are carnivorous and can eat meat at any time.
You cover ground quickly.
You are covered in thick fur (AC +2).
You have a slow metabolism.
You can jump attack at a medium distance.


Message History

The spriggan baker hits you with a dagger!
* * * LOW HITPOINT WARNING * * *
Press: ? - help, v - describe, . - travel
Here: a spriggan baker, wielding a dagger and wearing a robe An open door.
Drink which item? (? for menu, Esc to quit)
Okay, then.
Read which item? (? for menu, Esc to quit)
Okay, then.
Drink which item? (? for menu, Esc to quit)
That liquid tasted very nasty...
You are lethally poisoned!
It was a potion of poison.
* * * LOW HITPOINT WARNING * * *
You feel sick.
The spriggan baker hits you but does no damage.
Drink which item? (? for menu, Esc to quit)
You feel agile all of a sudden.
It was a potion of agility.
You die...

#######+#######
#.............###
#..........<..'.##
#.######......#..#
+.###.#%%
#......##.#
#...'.#.##
#......# .#
#####.#..#
#......# .+ #.#i#
#......# ## ##@.#
######## #.## #..#
##.# ..# #...
##.## #.# #.#


You could see a spriggan baker.

Vanquished Creatures
  A sky beast (D:6)
  A scorpion (D:7)
  A crimson imp (D:6)
  An orc priest (D:6)
  2 worker ants
  2 orc wizards (D:6)
  5 adders
  A giant mite (D:4)
  An inept feature mimic (D:4)
  5 giant geckos
  5 orcs
  2 ball pythons (D:4)
  A bat zombie (D:5)
  A giant cockroach (D:3)
  4 hobgoblins
  2 bats
  2 giant newts
  2 goblins
  4 kobolds
  A kobold skeleton (D:4)
  An orc skeleton (D:4)
  A quokka (D:3)
  6 rats
52 creatures vanquished.

Notes
Turn   | Place    | Note
--------------------------------------------------------------
     0 | D:1      | Jaguar, the Felid Fighter, began the quest for the Orb.
     0 | D:1      | Reached XP level 1. HP: 10/10 MP: 2/2
    91 | D:2      | Found a glowing golden altar of the Shining One.
    95 | D:2      | Reached XP level 2. HP: 11/14 MP: 3/3
   156 | D:2      | Found an iron altar of Okawaru.
   558 | D:3      | Reached skill level 5 in Unarmed Combat
   651 | D:3      | Noticed a scorpion
   666 | D:4      | Reached XP level 3. HP: 17/17 MP: 5/5
   771 | D:4      | Got a transparent falchion
   866 | D:3      | Noticed Ijyb
   898 | D:4      | Found Odduts' Magic Scroll Emporium.
   919 | D:4      | Bought a scroll of teleportation for 30 gold pieces
   919 | D:4      | Bought a scroll of fog for 20 gold pieces
   919 | D:4      | Bought a scroll of identify for 20 gold pieces
   953 | D:4      | Reached XP level 4. HP: 8/21 MP: 7/7
   962 | D:4      | Noticed a sky beast
   993 | D:5      | Entered Level 5 of the Dungeon
   993 | D:5      | Noticed Minotaur's ghost (average MiMo)
  1180 | D:5      | Slain by an orc wizard
  1181 | D:5      | Reached XP level 3. HP: 0/17 MP: 5/5
  1198 | D:6      | Found a staircase to the Ecumenical Temple.
  1210 | Temple   | Entered the Ecumenical Temple
  1251 | Temple   | Became a worshipper of Cheibriados the Contemplative
  1302 | D:6      | Noticed a sky beast
  1312 | D:6      | Killed a sky beast
  1312 | D:6      | Reached skill level 6 in Unarmed Combat
  1312 | D:6      | Reached XP level 4. HP: 8/21 MP: 3/8
  1364 | D:6      | Noticed a black bear
  1378 | D:6      | Noticed a black bear
  1379 | D:6      | Found a bloodstained altar of Trog.
  1546 | D:6      | Reached XP level 5. HP: 16/24 MP: 9/9
  1731 | D:5      | Gained mutation: You are covered in thick fur (AC +2). [growing up]
  1731 | D:5      | Gained mutation: You can jump attack at a medium distance. [growing up]
  1731 | D:5      | Reached XP level 6. HP: 24/28 MP: 13/13
  1877 | D:7      | Noticed a spriggan baker
  1879 | D:7      | HP: 1/28 [poison (a potion of poison)]
  1880 | D:7      | Succumbed to poison (a potion of poison)

Action                   |  1- 3 |  4- 6 || total
-------------------------+-------+-------++-------
Melee: Unarmed           |    77 |    70 ||   147
Invok: Bend Time         |     1 |     2 ||     3
Evoke: Wand              |       |     5 ||     5
  Use: Potion            |     2 |     4 ||     6
       Scroll            |     1 |       ||     1
